 Dungeon Crawl Stone Soup version 0.30-a0-140-gd1020e658a (webtiles) character file.

Game seed: 997365762270425904

3606 greasedhog the Ducker (level 10, -4/77 HPs)
             Began as a Gnoll Hexslinger on Sept 24, 2022.
             Was an Initiate of Okawaru.
             Killed from afar by Maggie (26 damage)
             ... with a bolt of fire
             ... on level 6 of the Dungeon on Sept 25, 2022.
             The game lasted 00:13:33 (5104 turns).

greasedhog the Ducker (Gnoll Hexslinger)            Turns: 5104, Time: 00:13:34

Health: -4/77      AC:  4    Str: 11    XL:     10   Next: 11%
Magic:  4/20       EV: 20    Int: 12    God:    Okawaru [......]
Gold:   215        SH:  0    Dex: 16    Spells: 11/22 levels left

rFire   . . .      SeeInvis .    f - +6 mace (drain)
rCold   . . .      Faith    .    (no shield)
rNeg    . . .      Spirit   .    c - +1 robe
rPois   .          Reflect  .    (no helmet)
rElec   .          Harm     .    (no cloak)
rCorr   .          Rampage  .    (no gloves)
Will    .....                    e - +0 pair of boots
Stlth   +++.......               o - amulet of regeneration
HPRegen 1.02/turn                q - +4 ring of evasion
MPRegen 0.17/turn                (no ring)

@: mighty
A: fangs 1, strong nose, distributed training
a: Renounce Religion


You were on level 6 of the Dungeon.
You worshipped Okawaru.
Okawaru was noncommittal.
You visited 2 branches of the dungeon, and saw 7 of its levels.

You collected 267 gold pieces.
You spent 52 gold pieces at shops.

Inventory:

Hand Weapons
 a - a +1 sling
 f - a +6 mace of draining (weapon)
Armour
 b - a +0 leather armour
 c - a +1 robe (worn)
 e - a +0 pair of boots (worn)
Jewellery
 g - a ring of ice
 o - an amulet of regeneration (around neck)
 q - a +4 ring of evasion (left hand)
Wands
 d - a wand of flame (5)
 p - a wand of iceblast (11)
Scrolls
 i - a scroll of torment
 m - a scroll of vulnerability
 r - a scroll of fear
 t - a scroll of identify
Potions
 l - 4 potions of flight
 n - 2 potions of resistance {unknown}
 s - a potion of mutation {unknown}


   Skills:
 + Level 6.6 Fighting
 + Level 6.0 Short Blades
 + Level 6.0 Long Blades
 + Level 6.0 Axes
 + Level 6.0 Maces & Flails
 + Level 6.0 Polearms
 + Level 6.0 Staves
 + Level 7.6 Ranged Weapons
 + Level 6.0 Throwing
 + Level 6.0 Armour
 + Level 7.6 Dodging
 + Level 6.0 Stealth
 + Level 6.0 Shields
 + Level 6.0 Unarmed Combat
 + Level 6.7 Spellcasting
 + Level 5.0 Conjurations
 + Level 7.5 Hexes
 + Level 5.0 Summonings
 + Level 5.0 Necromancy
 + Level 5.0 Translocations
 + Level 5.0 Transmutations
 + Level 5.0 Fire Magic
 + Level 5.0 Ice Magic
 + Level 5.0 Air Magic
 + Level 5.0 Earth Magic
 + Level 5.0 Poison Magic
 + Level 6.6 Invocations
 + Level 6.0 Evocations


You had 11 spell levels left.
You knew the following spells:

 Your Spells              Type           Power      Damage    Failure   Level
a - Slow                  Hex            88%        N/A       1%          1
b - Portal Projectile     Hex/Tloc       38%        N/A       3%          3
c - Cause Fear            Hex            11%        N/A       8%          4
d - Inner Flame           Hex/Fire       19%        N/A       3%          3

Your spell library contained the following spells:

 Spells                   Type           Power      Damage    Failure   Level
 Leda's Liquefaction      Hex/Erth       9%         N/A       13%         4
 Summon Small Mammal      Summ           Unusable   N/A       N/A         1
 Summon Guardian Golem    Hex/Summ       Unusable   N/A       N/A         3
 Call Canine Familiar     Summ           Unusable   N/A       N/A         3

Dungeon Overview and Level Annotations

Branches:
Dungeon (6/15)             Temple (1/1) D:5

Altars:
Ashenzari
Cheibriados
Dithmenos
Elyvilon
Fedhas
Gozag
Hepliaklqana
Kikubaaqudgha
Makhleb
Nemelex Xobeh
Okawaru
Qazlal
Ru
Sif Muna
Uskayaw
Vehumet
Wu Jian
Xom
Yredelemnul
Zin

Shops:
D:2 !

Annotations:
D:6 Maggie


Innate Abilities, Weirdness & Mutations

You have very sharp teeth.
Your uncanny sense of smell can sniff out nearby items.
Your experience applies equally to all skills.


Message History

* * * LOW HITPOINT WARNING * * *
You feel better. The gnoll misses you. Maggie closely misses you.
It was a potion of experience.
You feel more experienced!
Your Fighting skill gained 2 levels and is now at level 6!
Your Short Blades skill gained 2 levels and is now at level 6!
Your Long Blades skill gained 2 levels and is now at level 6!
Your Axes skill gained 2 levels and is now at level 6!
Your Maces & Flails skill gained 2 levels and is now at level 6!
Your Polearms skill gained 2 levels and is now at level 6!
Your Staves skill gained 2 levels and is now at level 6!
Your Ranged Weapons skill increases to level 7!
Your Throwing skill gained 2 levels and is now at level 6!
Your Armour skill gained 2 levels and is now at level 6!
Your Dodging skill increases to level 7!
Your Stealth skill gained 2 levels and is now at level 6!
Your Shields skill gained 2 levels and is now at level 6!
Your Unarmed Combat skill gained 2 levels and is now at level 6!
Your Spellcasting skill increases to level 6!
Your Conjurations skill gained 2 levels and is now at level 5!
Your Hexes skill increases to level 7!
Your Summonings skill gained 2 levels and is now at level 5!
Your Necromancy skill gained 2 levels and is now at level 5!
Your Translocations skill gained 2 levels and is now at level 5!
Your Transmutations skill gained 2 levels and is now at level 5!
Your Fire Magic skill gained 2 levels and is now at level 5!
Your Ice Magic skill gained 2 levels and is now at level 5!
Your Air Magic skill gained 2 levels and is now at level 5!
Your Earth Magic skill gained 2 levels and is now at level 5!
Your Poison Magic skill gained 2 levels and is now at level 5!
Your Invocations skill gained 2 levels and is now at level 6!
Your Evocations skill gained 2 levels and is now at level 6!
You have reached level 10!
The gnoll misses you.
You sock Maggie!
Maggie is heavily wounded.
The gnoll hits you but does no damage. Maggie gestures at you while chanting.
The bolt of fire hits you!!
You die...

# .# ####+#####..#
#.........#
#######..(......#
#+####..........@@...#
.....<..........#'####
.....#......###.#g#
.....#......# #.#.#
.....#......# #.#..
.....#......# #.#.#
.....'.†....# #....
######......# #.#..
#......#


You could see Maggie (slow, drained) and a gnoll.

Vanquished Creatures
  Pikel (D:5)
  Sigmund (D:2)
  Menkaure (D:5)
  A water moccasin (D:6)
  An orc warrior (D:5)
  An ogre (D:4)
  A gnoll sergeant (D:5)
  A scorpion (D:4)
  3 hounds
  2 jellies (D:5)
  An orc priest (D:3)
  A gnoll bouda (D:5)
  4 iguanas
  2 orc wizards
  Terence (D:2)
  A mummy (D:4)
  17 gnolls
  7 adders
  An ufetubus (D:4)
  2 worms
  3 dart slugs
  9 orcs
  4 bats
  An endoplasm (D:3)
  A giant cockroach (D:3)
  3 goblins
  10 hobgoblins
  6 kobolds
  7 quokkas
  4 ball pythons
  5 frilled lizards
  3 rats
106 creatures vanquished.

Notes
Turn   | Place    | Note
-------+----------+-------------------------------------------
     0 | D:1      | greasedhog the Gnoll Hexslinger began the quest for the
                  | Orb.
     0 | D:1      | Reached XP level 1. HP: 17/17 MP: 4/4
   302 | D:1      | Found a faded altar of an unknown god.
   542 | D:1      | Reached XP level 2. HP: 23/23 MP: 3/5
   828 | D:2      | Noticed Sigmund
   840 | D:2      | Killed Sigmund
   841 | D:2      | Reached skill level 1 in Short Blades
   841 | D:2      | Reached skill level 1 in Long Blades
   841 | D:2      | Reached skill level 1 in Axes
   841 | D:2      | Reached skill level 1 in Maces & Flails
   841 | D:2      | Reached skill level 1 in Polearms
   841 | D:2      | Reached skill level 1 in Staves
   841 | D:2      | Reached skill level 1 in Throwing
   841 | D:2      | Reached skill level 1 in Armour
   841 | D:2      | Reached skill level 1 in Stealth
   841 | D:2      | Reached skill level 1 in Shields
   841 | D:2      | Reached skill level 1 in Unarmed Combat
   841 | D:2      | Reached skill level 1 in Conjurations
   841 | D:2      | Reached skill level 1 in Summonings
   841 | D:2      | Reached skill level 1 in Necromancy
   841 | D:2      | Reached skill level 1 in Translocations
   841 | D:2      | Reached skill level 1 in Transmutations
   841 | D:2      | Reached skill level 1 in Fire Magic
   841 | D:2      | Reached skill level 1 in Ice Magic
   841 | D:2      | Reached skill level 1 in Air Magic
   841 | D:2      | Reached skill level 1 in Earth Magic
   841 | D:2      | Reached skill level 1 in Poison Magic
   841 | D:2      | Reached skill level 1 in Invocations
   841 | D:2      | Reached skill level 1 in Evocations
   841 | D:2      | Reached XP level 3. HP: 29/29 MP: 4/7
   841 | D:2      | Reached XP level 4. HP: 35/35 MP: 4/8
   841 | D:2      | Reached XP level 5. HP: 41/41 MP: 4/9
  1089 | D:2      | Learned a level 3 spell: Portal Projectile
  1094 | D:2      | Learned a level 4 spell: Cause Fear
  1313 | D:2      | Noticed Terence
  1322 | D:2      | Killed Terence
  1323 | D:2      | Reached XP level 6. HP: 38/47 MP: 9/11
  1677 | D:2      | Reached skill level 5 in Ranged Weapons
  1677 | D:2      | Reached skill level 5 in Dodging
  1715 | D:2      | Learned a level 3 spell: Inner Flame
  1823 | D:2      | Found Xiorche's Distillery.
  1831 | D:2      | Bought a potion of degeneration for 13 gold pieces
  1831 | D:2      | Bought a potion of flight for 39 gold pieces
  3132 | D:4      | Reached XP level 7. HP: 52/52 MP: 12/12
  3176 | D:4      | Found a snail-covered altar of Cheibriados.
  3598 | D:4      | Found a sparkling altar of Nemelex Xobeh.
  3598 | D:4      | Found an opulent altar of Gozag.
  3794 | D:5      | Entered Level 5 of the Dungeon
  3955 | D:5      | Found a sacrificial altar of Ru.
  3977 | D:5      | Noticed Pikel
  4025 | D:5      | Killed Pikel
  4026 | D:5      | Reached XP level 8. HP: 17/60 MP: 14/14
  4190 | D:5      | Found a shimmering altar of Xom.
  4273 | D:5      | HP: 3/61 [gnoll sergeant/+0 spear (14)]
  4280 | D:5      | Found a staircase to the Ecumenical Temple.
  4530 | Temple   | Entered the Ecumenical Temple
  4626 | Temple   | Became a worshipper of Warmaster Okawaru
  4895 | D:5      | Found a radiant altar of Vehumet.
  4911 | D:5      | Found a shimmering blue altar of Sif Muna.
  4911 | D:5      | Noticed Menkaure
  4923 | D:5      | Killed Menkaure
  4924 | D:5      | Reached XP level 9. HP: 49/67 MP: 16/16
  4959 | D:5      | Found a stormy altar of Qazlal.
  4960 | D:5      | Found an ornate altar of the Wu Jian Council.
  4962 | D:5      | Found a basalt altar of Yredelemnul.
  4963 | D:5      | Found a glowing silver altar of Zin.
  5045 | D:6      | Reached skill level 5 in Spellcasting
  5083 | D:6      | Noticed Maggie
  5103 | D:6      | Reached skill level 5 in Conjurations
  5103 | D:6      | Reached skill level 5 in Summonings
  5103 | D:6      | Reached skill level 5 in Necromancy
  5103 | D:6      | Reached skill level 5 in Translocations
  5103 | D:6      | Reached skill level 5 in Transmutations
  5103 | D:6      | Reached skill level 5 in Fire Magic
  5103 | D:6      | Reached skill level 5 in Ice Magic
  5103 | D:6      | Reached skill level 5 in Air Magic
  5103 | D:6      | Reached skill level 5 in Earth Magic
  5103 | D:6      | Reached skill level 5 in Poison Magic
  5103 | D:6      | Reached XP level 10. HP: 20/77 MP: 4/20
  5104 | D:6      | Killed from afar by Maggie

Illustrated notes

Levels and vault maps discovered:
D:1:      tarquinn_simple_flora_water_b, layout_basic,
          hellmonk_ecumenical_altar_crossroads
D:2:      layout_loops_cross, serial_shops, nicolae_shop_crystal,
          hangedman_decor_peaks_small, uniq_terence, uniq_sigmund
D:3:      layout_loops_ring
D:4:      layout_cave_pools, grunt_temple_overflow_opulence, slow_altar_1,
          kennysheep_generic_room_4
D:5:      layout_cave_pools, mainiacjoe_overflow_alcove_1,
          mainiacjoe_overflow_small_starburst, minitemple,
          minmay_temple_entry_statues_pillars, pf_guarded_unrand_woodcutter,
          uniq_menkaure, uniq_pikel
D:6:      layout_basic, uniq_maggie
Temple:   dpeg_three_leaves_temple

Skill      XL: |  1  2  3  4  5  6  7  8  9 |
---------------+----------------------------+-----
Fighting       | 3 4 6 |  6.6
Short Blades   | 1 2 3 6 |  6.0
Long Blades    | 1 2 3 6 |  6.0
Axes           | 1 2 3 6 |  6.0
Maces & Flails | 1 2 3 6 |  6.0
Polearms       | 1 2 3 6 |  6.0
Staves         | 1 2 3 6 |  6.0
Throwing       | 1 2 3 6 |  6.0
Armour         | 1 2 3 6 |  6.0
Stealth        | 1 2 3 6 |  6.0
Shields        | 1 2 3 6 |  6.0
Unarmed Combat | 1 2 3 6 |  6.0
Spellcasting   | 3 4 6 |  6.7
Conjurations   | 1 2 3 5 |  5.0
Summonings     | 1 2 3 5 |  5.0
Necromancy     | 1 2 3 5 |  5.0
Translocations | 1 2 3 5 |  5.0
Transmutations | 1 2 3 5 |  5.0
Fire Magic     | 1 2 3 5 |  5.0
Ice Magic      | 1 2 3 5 |  5.0
Air Magic      | 1 2 3 5 |  5.0
Earth Magic    | 1 2 3 5 |  5.0
Poison Magic   | 1 2 3 5 |  5.0
Invocations    | 1 2 3 4 6 |  6.6
Evocations     | 1 2 3 6 |  6.0
Ranged Weapons | 5 6 7 |  7.6
Dodging        | 5 6 7 |  7.6
Hexes          | 6 7 |  7.5

Action                   |  1- 3 |  4- 6 |  7- 9 | 10-12 || total
-------------------------+-------+-------+-------+-------++-------
Melee: Whip              |     2 |       |       |       ||     2
       Halberd           |       |    18 |       |       ||    18
       Bite              |       |     3 |    12 |       ||    15
       Mace              |       |    51 |    79 |     1 ||   131
       Punch             |       |       |     1 |       ||     1
 Fire: Sling             |    41 |   109 |   173 |       ||   323
 Cast: Slow              |    14 |    19 |    31 |       ||    64
       Cause Fear        |       |       |     5 |       ||     5
  Use: Scroll            |       |     6 |     4 |       ||    10
       Potion            |       |     3 |     6 |       ||     9
Armor: Robe              |     2 |    23 |    20 |     1 ||    46
Dodge: Dodged            |     2 |    80 |   149 |     1 ||   232

Table legend: (Time is in decaauts)
 A = Elapsed time spent in this place.
 B = Non-inter-level travel time spent in this place.
 C = Inter-level travel time spent in this place.
 D = Time resting spent in this place.
 E = Time spent auto-exploring this place.
 F = Levels seen in this place.
 G = Mean time per level.
                   A        B        C        D        E       F      G
               +--------+--------+--------+--------+--------+-----+--------+
         Total |   5162 |   4929 |    233 |    653 |   3202 |   7 |  737.4 |
       Dungeon |   5057 |   4863 |    194 |    653 |   3144 |   6 |  842.8 |
        Temple |    105 |     66 |     39 |      0 |     58 |   1 |  105.0 |
               +--------+--------+--------+--------+--------+-----+--------+

Top non-repeatable levels by time:
     D:2: 1112 daAuts
     D:5: 1077 daAuts
     D:3: 1001 daAuts
     D:1: 976 daAuts
     D:4: 796 daAuts
  Temple: 105 daAuts
     D:6: 93 daAuts
